Workbook

Sheet ANEXO 1 - COTIZACIONES
A1: ANEXO 1 - ANALISIS DE COTIZACIONES
C2: Compra e instalación de señalética institucional para las diferentes sedes de la Fiscalía General de la Nación adscritas a la Subdirección Regional de Apoyo Nororiental, conforme a las especificaciones técnicas y a los lineamientos de identidad visual vigentes.
A3: NECESIDAD | F3: COTIZACION 1 LOGOGRAF GROUP | H3: COTIZACION 2 PROINCOL JK SAS | J3: COTIZACION 3 NODO PUBLICIDAD & MARKETING | L3: COTIZACION 4 SOLUPRINT PUBLICIDAD VISUAL | N3: VALOR COTIZACIÓN HÁBIL MÁS BAJA | O3: PROMEDIO | P3: VALOR COTIZACIÓN HÁBIL MÁS ALTA | Q3: PORCENTAJE DIFERENCIAL (BAJA/PROMEDIO) | R3: MEDIA ARITMETICA BAJA | T3: ANALISIS DE COTIZACIONES
A4: ÍTEM | B4: DESCRIPCIÓN BIEN O SERVICIO | C4: UNIDAD DE MEDIDA | D4: CANTIDAD | F4: VALOR UNITARIO SIN IVA | H4: VALOR UNITARIO SIN IVA | J4: VALOR UNITARIO SIN IVA | L4: VALOR UNITARIO SIN IVA | N4: VALOR UNITARIO SIN IVA | O4: VALOR UNITARIO SIN IVA | P4: VALOR UNITARIO SIN IVA | Q4: 40% > / < | R4: VALOR UNITARIO SIN IVA | T4: VALOR UNITARIO SIN IVA | U4: VALOR IVA | V4: VALOR UNITARIO INCLUIDO IVA | W4: VALOR TOTAL INCLUIDO IVA
A5: 1 | B5: Ficha Técnica N°1 Aviso Externo de Fachada con Caja de Luz | C5: UND | D5: 1 | F5: 4350000 | H5: 1100000 | J5: 2750000 | L5: 450000 | N5: =ROUND(MIN(F5,H5,J5,L5),2) -> 450000 | O5: =ROUND(AVERAGE(F5,H5,J5,L5),0) -> 2162500 | P5: =+MAX(F5,H5,J5,L5) -> 4350000 | Q5: =+(P5/N5)-1 -> 8.6666667 | R5: =+ROUND(AVERAGE(N5,O5),2) -> 1306250 | T5: =+O5 -> 2162500 | U5: =ROUND(T5*19%,0) -> 410875 | V5: =+U5+T5 -> 2573375 | W5: =+V5*D5 -> 2573375
A6: 2 | B6: Ficha Técnica N°2 Aviso Externo de Fachada Patio Único sin Caja de Luz | C6: UND | D6: 1 | F6: 2800000 | H6: 800000 | J6: 2450000 | L6: 240000 | N6: =ROUND(MIN(F6,H6,J6,L6),2) -> 240000 | O6: =ROUND(AVERAGE(F6,H6,J6,L6),0) -> 1572500 | P6: =+MAX(F6,H6,J6,L6) -> 2800000 | Q6: =+(P6/N6)-1 -> 10.666667 | R6: =+ROUND(AVERAGE(N6,O6),2) -> 906250 | T6: =+O6 -> 1572500 | U6: =ROUND(T6*19%,0) -> 298775 | V6: =+U6+T6 -> 1871275 | W6: =+V6*D6 -> 1871275
A7: 3 | B7: Ficha Técnica N°3 Señalización Interna de Oficina 24x34 cm | C7: UND | D7: 1 | F7: 150000 | H7: 48000 | J7: 105000 | L7: 32100 | N7: =ROUND(MIN(F7,H7,J7,L7),2) -> 32100 | O7: =ROUND(AVERAGE(F7,H7,J7,L7),0) -> 83775 | P7: =+MAX(F7,H7,J7,L7) -> 150000 | Q7: =+(P7/N7)-1 -> 3.6728972 | R7: =+ROUND(AVERAGE(N7,O7),2) -> 57937.5 | T7: =+O7 -> 83775 | U7: =ROUND(T7*19%,0) -> 15917 | V7: =+U7+T7 -> 99692 | W7: =+V7*D7 -> 99692
A8: 4 | B8: Ficha Técnica N°4 Señalización Interna Áreas Comunes 20x50 cm | C8: UND | D8: 1 | F8: 190000 | H8: 57000 | J8: 126050 | L8: 35500 | N8: =ROUND(MIN(F8,H8,J8,L8),2) -> 35500 | O8: =ROUND(AVERAGE(F8,H8,J8,L8),0) -> 102138 | P8: =+MAX(F8,H8,J8,L8) -> 190000 | Q8: =+(P8/N8)-1 -> 4.3521127 | R8: =+ROUND(AVERAGE(N8,O8),2) -> 68819 | T8: =+O8 -> 102138 | U8: =ROUND(T8*19%,0) -> 19406 | V8: =+U8+T8 -> 121544 | W8: =+V8*D8 -> 121544
A9: 5 | B9: Ficha Técnica N°5 Señalización Interna Áreas Comunes 15x35 cm | C9: UND | D9: 1 | F9: 100000 | H9: 36000 | J9: 100840 | L9: 31000 | N9: =ROUND(MIN(F9,H9,J9,L9),2) -> 31000 | O9: =ROUND(AVERAGE(F9,H9,J9,L9),0) -> 66960 | P9: =+MAX(F9,H9,J9,L9) -> 100840 | Q9: =+(P9/N9)-1 -> 2.2529032 | R9: =+ROUND(AVERAGE(N9,O9),2) -> 48980 | T9: =+O9 -> 66960 | U9: =ROUND(T9*19%,0) -> 12722 | V9: =+U9+T9 -> 79682 | W9: =+V9*D9 -> 79682
A10: 6 | B10: Ficha Técnica N°6 Señalización Interna de Oficina 27,5x8cm | C10: UND | D10: 1 | F10: 42000 | H10: 22500 | J10: 71428 | L10: 25200 | N10: =ROUND(MIN(F10,H10,J10,L10),2) -> 22500 | O10: =ROUND(AVERAGE(F10,H10,J10,L10),0) -> 40282 | P10: =+MAX(F10,H10,J10,L10) -> 71428 | Q10: =+(P10/N10)-1 -> 2.1745778 | R10: =+ROUND(AVERAGE(N10,O10),2) -> 31391 | T10: =+O10 -> 40282 | U10: =ROUND(T10*19%,0) -> 7654 | V10: =+U10+T10 -> 47936 | W10: =+V10*D10 -> 47936
A11: 7 | B11: Ficha Técnica N°7 Señalización Normativa Interna | C11: UND | D11: 1 | F11: 180000 | H11: 55000 | J11: 109243 | L11: 35500 | N11: =ROUND(MIN(F11,H11,J11,L11),2) -> 35500 | O11: =ROUND(AVERAGE(F11,H11,J11,L11),0) -> 94936 | P11: =+MAX(F11,H11,J11,L11) -> 180000 | Q11: =+(P11/N11)-1 -> 4.0704225 | R11: =+ROUND(AVERAGE(N11,O11),2) -> 65218 | T11: =+O11 -> 94936 | U11: =ROUND(T11*19%,0) -> 18038 | V11: =+U11+T11 -> 112974 | W11: =+V11*D11 -> 112974
A12: TOTAL | W12: =SUM(W5:W11) -> 4906478
B14: NOTAS:
B15: 1) Se realizó el estudio de mercado utilizando tres cotizaciones de empresas que cuentan con catálogos de venta al público. Adicionalmente, se recibió una cuarta cotización a través de la plataforma SECOP II.
B16: 2) Para establecer el valor del mercado se utiliza la formula promedio
B17: 3) En el presente análisis se aplicó el procedimiento de aproximación generalmente aceptado por las reglas matemáticas denominado redondeo, que consiste en acercar los valores decimales al número entero más aproximado (esto es, si el tercer decimal es menor que 5, el segundo decimal se mantiene; si el tercer decimal es igual o mayor que 5, el segundo decimal se incrementa en uno)

Sheet ANEXO 2 - PROY COSTOS
A1: ANEXO 2 - PROYECCION COSTOS
C2: Compra e instalación de señalética institucional para las diferentes sedes de la Fiscalía General de la Nación adscritas a la Subdirección Regional de Apoyo Nororiental, conforme a las especificaciones técnicas y a los lineamientos de identidad visual vigentes.
A3: NECESIDAD | F3: ANALISIS COTIZACIONES | H3: PROYECCION COSTOS
A4: ÍTEM | B4: DESCRIPCIÓN BIEN O SERVICIO | C4: UNIDAD DE MEDIDA | D4: CANTIDAD | F4: VALOR UNITARIO SIN IVA | H4: VALOR UNITARIO SIN IVA | I4: VALOR IVA | J4: VALOR UNITARIO INCLUIDO IVA | K4: VALOR TOTAL INCLUIDO IVA
A5: ='ANEXO 1 - COTIZACIONES'!A5 -> 1 | B5: ='ANEXO 1 - COTIZACIONES'!B5 -> Ficha Técnica N°1 Aviso Externo de Fachada con Caja de Luz | C5: ='ANEXO 1 - COTIZACIONES'!C5 -> UND | D5: ='ANEXO 1 - COTIZACIONES'!D5 -> 1 | F5: ='ANEXO 1 - COTIZACIONES'!T5 -> 2162500 | H5: =+F5 -> 2162500 | I5: =ROUND(H5*19%,0) -> 410875 | J5: =+I5+H5 -> 2573375 | K5: =+J5*D5 -> 2573375
A6: ='ANEXO 1 - COTIZACIONES'!A6 -> 2 | B6: ='ANEXO 1 - COTIZACIONES'!B6 -> Ficha Técnica N°2 Aviso Externo de Fachada Patio Único sin Caja de Luz | C6: ='ANEXO 1 - COTIZACIONES'!C6 -> UND | D6: ='ANEXO 1 - COTIZACIONES'!D6 -> 1 | F6: ='ANEXO 1 - COTIZACIONES'!T6 -> 1572500 | H6: =+F6 -> 1572500 | I6: =ROUND(H6*19%,0) -> 298775 | J6: =+I6+H6 -> 1871275 | K6: =+J6*D6 -> 1871275
A7: ='ANEXO 1 - COTIZACIONES'!A7 -> 3 | B7: ='ANEXO 1 - COTIZACIONES'!B7 -> Ficha Técnica N°3 Señalización Interna de Oficina 24x34 cm | C7: ='ANEXO 1 - COTIZACIONES'!C7 -> UND | D7: ='ANEXO 1 - COTIZACIONES'!D7 -> 1 | F7: ='ANEXO 1 - COTIZACIONES'!T7 -> 83775 | H7: =+F7 -> 83775 | I7: =ROUND(H7*19%,0) -> 15917 | J7: =+I7+H7 -> 99692 | K7: =+J7*D7 -> 99692
A8: ='ANEXO 1 - COTIZACIONES'!A8 -> 4 | B8: ='ANEXO 1 - COTIZACIONES'!B8 -> Ficha Técnica N°4 Señalización Interna Áreas Comunes 20x50 cm | C8: ='ANEXO 1 - COTIZACIONES'!C8 -> UND | D8: ='ANEXO 1 - COTIZACIONES'!D8 -> 1 | F8: ='ANEXO 1 - COTIZACIONES'!T8 -> 102138 | H8: =+F8 -> 102138 | I8: =ROUND(H8*19%,0) -> 19406 | J8: =+I8+H8 -> 121544 | K8: =+J8*D8 -> 121544
A9: ='ANEXO 1 - COTIZACIONES'!A9 -> 5 | B9: ='ANEXO 1 - COTIZACIONES'!B9 -> Ficha Técnica N°5 Señalización Interna Áreas Comunes 15x35 cm | C9: ='ANEXO 1 - COTIZACIONES'!C9 -> UND | D9: ='ANEXO 1 - COTIZACIONES'!D9 -> 1 | F9: ='ANEXO 1 - COTIZACIONES'!T9 -> 66960 | H9: =+F9 -> 66960 | I9: =ROUND(H9*19%,0) -> 12722 | J9: =+I9+H9 -> 79682 | K9: =+J9*D9 -> 79682
A10: ='ANEXO 1 - COTIZACIONES'!A10 -> 6 | B10: ='ANEXO 1 - COTIZACIONES'!B10 -> Ficha Técnica N°6 Señalización Interna de Oficina 27,5x8cm | C10: ='ANEXO 1 - COTIZACIONES'!C10 -> UND | D10: ='ANEXO 1 - COTIZACIONES'!D10 -> 1 | F10: ='ANEXO 1 - COTIZACIONES'!T10 -> 40282 | H10: =+F10 -> 40282 | I10: =ROUND(H10*19%,0) -> 7654 | J10: =+I10+H10 -> 47936 | K10: =+J10*D10 -> 47936
A11: ='ANEXO 1 - COTIZACIONES'!A11 -> 7 | B11: ='ANEXO 1 - COTIZACIONES'!B11 -> Ficha Técnica N°7 Señalización Normativa Interna | C11: ='ANEXO 1 - COTIZACIONES'!C11 -> UND | D11: ='ANEXO 1 - COTIZACIONES'!D11 -> 1 | F11: ='ANEXO 1 - COTIZACIONES'!T11 -> 94936 | H11: =+F11 -> 94936 | I11: =ROUND(H11*19%,0) -> 18038 | J11: =+I11+H11 -> 112974 | K11: =+J11*D11 -> 112974
A12: TOTAL | K12: =SUM(K5:K11) -> 4906478
B14: NOTAS:
B15: 1) Para establecer los valores del mercado, se tomaron los valores del análisis de cotizaciones
B16: 2) En el presente análisis se aplicó el procedimiento de aproximación generalmente aceptado por las reglas matemáticas denominado redondeo, que consiste en acercar los valores decimales al número entero más aproximado (esto es, si el tercer decimal es menor que 5, el segundo decimal se mantiene; si el tercer decimal es igual o mayor que 5, el segundo decimal se incrementa en uno)

Sheet ANEXO 3 - EST SECTOR
A1: ANEXO 3 - ESTUDIO DEL SECTOR
C2: Compra e instalación de señalética institucional para las diferentes sedes de la Fiscalía General de la Nación adscritas a la Subdirección Regional de Apoyo Nororiental, conforme a las especificaciones técnicas y a los lineamientos de identidad visual vigentes.
A3: NECESIDAD | F3: ESTUDIO DEL SECTOR
A4: ÍTEM | B4: DESCRIPCIÓN BIEN O SERVICIO | C4: UNIDAD DE MEDIDA | D4: CANTIDAD | F4: VALOR UNITARIO SIN IVA | G4: VALOR IVA | H4: VALOR UNITARIO INCLUIDO IVA | I4: VALOR TOTAL INCLUIDO IVA
A5: ='ANEXO 1 - COTIZACIONES'!A5 -> 1 | B5: ='ANEXO 1 - COTIZACIONES'!B5 -> Ficha Técnica N°1 Aviso Externo de Fachada con Caja de Luz | C5: ='ANEXO 1 - COTIZACIONES'!C5 -> UND | D5: ='ANEXO 1 - COTIZACIONES'!D5 -> 1 | F5: =+'ANEXO 2 - PROY COSTOS'!H5 -> 2162500 | G5: =ROUND(F5*19%,0) -> 410875 | H5: =+G5+F5 -> 2573375 | I5: =+H5*D5 -> 2573375
A6: ='ANEXO 1 - COTIZACIONES'!A6 -> 2 | B6: ='ANEXO 1 - COTIZACIONES'!B6 -> Ficha Técnica N°2 Aviso Externo de Fachada Patio Único sin Caja de Luz | C6: ='ANEXO 1 - COTIZACIONES'!C6 -> UND | D6: ='ANEXO 1 - COTIZACIONES'!D6 -> 1 | F6: =+'ANEXO 2 - PROY COSTOS'!H6 -> 1572500 | G6: =ROUND(F6*19%,0) -> 298775 | H6: =+G6+F6 -> 1871275 | I6: =+H6*D6 -> 1871275
A7: ='ANEXO 1 - COTIZACIONES'!A7 -> 3 | B7: ='ANEXO 1 - COTIZACIONES'!B7 -> Ficha Técnica N°3 Señalización Interna de Oficina 24x34 cm | C7: ='ANEXO 1 - COTIZACIONES'!C7 -> UND | D7: 1 | F7: =+'ANEXO 2 - PROY COSTOS'!H7 -> 83775 | G7: =ROUND(F7*19%,0) -> 15917 | H7: =+G7+F7 -> 99692 | I7: =+H7*D7 -> 99692
A8: ='ANEXO 1 - COTIZACIONES'!A8 -> 4 | B8: ='ANEXO 1 - COTIZACIONES'!B8 -> Ficha Técnica N°4 Señalización Interna Áreas Comunes 20x50 cm | C8: ='ANEXO 1 - COTIZACIONES'!C8 -> UND | D8: 1 | F8: =+'ANEXO 2 - PROY COSTOS'!H8 -> 102138 | G8: =ROUND(F8*19%,0) -> 19406 | H8: =+G8+F8 -> 121544 | I8: =+H8*D8 -> 121544
A9: ='ANEXO 1 - COTIZACIONES'!A9 -> 5 | B9: ='ANEXO 1 - COTIZACIONES'!B9 -> Ficha Técnica N°5 Señalización Interna Áreas Comunes 15x35 cm | C9: ='ANEXO 1 - COTIZACIONES'!C9 -> UND | D9: 1 | F9: =+'ANEXO 2 - PROY COSTOS'!H9 -> 66960 | G9: =ROUND(F9*19%,0) -> 12722 | H9: =+G9+F9 -> 79682 | I9: =+H9*D9 -> 79682
A10: ='ANEXO 1 - COTIZACIONES'!A10 -> 6 | B10: ='ANEXO 1 - COTIZACIONES'!B10 -> Ficha Técnica N°6 Señalización Interna de Oficina 27,5x8cm | C10: ='ANEXO 1 - COTIZACIONES'!C10 -> UND | D10: 1 | F10: =+'ANEXO 2 - PROY COSTOS'!H10 -> 40282 | G10: =ROUND(F10*19%,0) -> 7654 | H10: =+G10+F10 -> 47936 | I10: =+H10*D10 -> 47936
A11: ='ANEXO 1 - COTIZACIONES'!A11 -> 7 | B11: ='ANEXO 1 - COTIZACIONES'!B11 -> Ficha Técnica N°7 Señalización Normativa Interna | C11: ='ANEXO 1 - COTIZACIONES'!C11 -> UND | D11: 1 | F11: =+'ANEXO 2 - PROY COSTOS'!H11 -> 94936 | G11: =ROUND(F11*19%,0) -> 18038 | H11: =+G11+F11 -> 112974 | I11: =+H11*D11 -> 112974
A12: TOTAL | I12: =SUM(I5:I11) -> 4906478
B14: NOTAS:
B15: 1) Para establecer los valores del mercado, se tomaron los valores del análisis de cotizaciones
B16: 2) En el presente análisis se aplicó el procedimiento de aproximación generalmente aceptado por las reglas matemáticas denominado redondeo, que consiste en acercar los valores decimales al número entero más aproximado (esto es, si el tercer decimal es menor que 5, el segundo decimal se mantiene; si el tercer decimal es igual o mayor que 5, el segundo decimal se incrementa en uno)
